 Dungeon Crawl Stone Soup version 0.28.0-45-g0d030f2227 (webtiles) character file.

Game seed: 14721945059889827157

42 L33tCrusader the Chopper (level 3, -1/34 HPs)
             Began as a Naga Berserker on Apr 8, 2022.
             Was a Follower of Trog.
             Slain by Terence
             ... wielding a +0 mace
              (9 damage)
             ... on level 2 of the Dungeon.
             The game lasted 00:06:13 (1283 turns).

L33tCrusader the Chopper (Naga Berserker)           Turns: 1283, Time: 00:06:14

Health: -1/34      AC:  3    Str: 21    XL:     3   Next: 56%
Magic:  3/3        EV: 10    Int:  7    God:    Trog [*.....]
Gold:   50         SH:  0    Dex: 10    Spells: 2/2 levels left

rFire   . . .      SeeInvis +   a - +0 hand axe
rCold   . . .      Faith    .   (no shield)
rNeg    . . .      Spirit   .   b - +1 animal skin
rPois   +          Reflect  .   (no helmet)
rElec   .          Harm     .   (no cloak)
rCorr   .          Rampage  .   (no gloves)
Will    .....                   (no barding)
Stlth   +.........              (no amulet)
HPRegen 0.11/turn               (no ring)
MPRegen 0.08/turn               (no ring)

@: very slow
A: AC +1, large, see invisible, deformed body, poison resistance, slowness 2,
spit poison 1, naga tail 1
a: Spit Poison, Renounce Religion, Berserk


You were on level 2 of the Dungeon.
You worshipped Trog.
Trog was aware of your devotion.
You visited 1 branch of the dungeon, and saw 2 of its levels.

You collected 50 gold pieces.

Inventory:

Hand Weapons
 a - a +0 hand axe (weapon)
Armour
 b - a +1 animal skin (worn)
Scrolls
 d - a scroll of identify {unknown}


   Skills:
 + Level 3.3 Fighting
 + Level 3.3 Axes
 + Level 2.1 Armour
 + Level 2.1 Dodging


You had 2 spell levels left.
You didn't know any spells.
Your spell library was empty.

Dungeon Overview and Level Annotations

Branches:
Dungeon (2/15)

Altars:
Nemelex Xobeh

Shops:
D:2 (

Annotations:
D:2 Terence


Innate Abilities, Weirdness & Mutations

Your serpentine skin is tough. (AC +1)
You have supernaturally acute eyesight. (SInv)
Armour fits poorly on your strangely shaped body.
Your system is resistant to poisons. (rPois)
You cover ground very slowly.
You can spit poison.
You have a snake-like lower body.


Message History

Aiming: Spit Poison (2% risk of failure)
Press: ? - help, Q - select action Shift-Dir - straight line, f - Terence
Aim: Terence, wielding a +0 mace and wearing a +0 chain mail (70% to hit)
The splash of poison hits Terence but does no damage.
Terence is poisoned.
You barely miss Terence.
Terence is lightly wounded.
You have got your breath back.
Terence hits you with a +0 mace.
You hit Terence but do no damage.
Terence is moderately wounded.
Terence looks more healthy.
Terence hits you with a +0 mace.
You hit Terence but do no damage.
Terence is moderately wounded.
Terence hits you with a +0 mace.
Terence says, "Don't bother to defend, it's senseless."
Terence hits you with a +0 mace!
You hit Terence but do no damage.
Terence is moderately wounded.
Terence barely misses you.
Aiming: Spit Poison (2% risk of failure)
Press: ? - help, Q - select action Shift-Dir - straight line, f/p - Terence
Aim: Terence, wielding a +0 mace and wearing a +0 chain mail (moderately wounded, 70% to hit)
The splash of poison hits Terence.
Terence is poisoned.
Terence is moderately wounded.
Terence closely misses you.
You hit Terence.
Terence is heavily wounded.
Terence shouts, "ATTACK!!!"
Terence hits you with a +0 mace.
You hit Terence but do no damage.
Terence is heavily wounded.
You have got your breath back.
Terence hits you with a +0 mace.
* * * LOW HITPOINT WARNING * * *
As you read the scroll labelled DAMATR VUQEU, it crumbles to dust.
It is a scroll of enchant armour.
Your +0 animal skin glows green for a moment.
Terence hits you with a +0 mace!
You die...

###
#############.#
..............#
#####.@.####)#
#♣@♣# #.# #...#
#.# #8.♣# #.#
#...####.#
#8.♣#..#.#
#...##.#.#####
#8.8 #.#.....#
#... #.#####.#


You could see Terence (poisoned).

Vanquished Creatures
  An adder (D:2)
  A worm (D:2)
  3 dart slugs
  2 bats
  2 endoplasms
  A giant cockroach (D:2)
  A goblin (D:2)
  3 hobgoblins
  2 kobolds (D:1)
  2 quokkas
  3 ball pythons
  A frilled lizard (D:1)
  3 rats (D:2)
25 creatures vanquished.

Notes
Turn   | Place    | Note
-------+----------+-------------------------------------------
     0 | D:1      | L33tCrusader the Naga Berserker began the quest for the
                  | Orb.
     0 | D:1      | Reached XP level 1. HP: 21/21 MP: 1/1
   293 | D:1      | Reached XP level 2. HP: 21/28 MP: 2/2
   976 | D:2      | Reached XP level 3. HP: 33/34 MP: 3/3
   992 | D:2      | Found Hagejim's Weapon Boutique.
   995 | D:2      | Found a sparkling altar of Nemelex Xobeh.
  1271 | D:2      | Noticed Terence
  1283 | D:2      | Slain by Terence

Illustrated notes

Levels and vault maps discovered:
D:1:      onia_arrival_pyramid, layout_loops_ring, feat_on_display
D:2:      layout_basic, basic_altar, serial_shops,
          nicolae_shop_bloodbath_and_beyond, chequers_avenue, uniq_jessica,
          uniq_natasha, uniq_terence

Skill      XL: |  1  2  3 |
---------------+----------+-----
Armour         | 2 |  2.1
Dodging        | 2 |  2.1
Fighting       | |  3.3
Axes           | |  3.3

Action                   || total
-------------------------++-------
Melee: Hand axe          ||    53
 Abil: Spit Poison       ||    19
  Use: Scroll            ||     1
Armor: Animal skin       ||    17
Dodge: Dodged            ||    40
